 Dungeon Crawl Stone Soup version 0.23.2-1-ga50397a (webtiles) character file.

Game seed: 17907433820452288419

10057 MartialLaw the Blocker (level 11, -52/68 HPs)
             Began as a Gargoyle Fighter on Apr 15, 2019.
             Was a High Priest of Okawaru.
             Annihilated by a very large slime creature (54 damage)
             ... on level 10 of the Dungeon.
             The game lasted 00:35:13 (10837 turns).

MartialLaw the Blocker (Gargoyle Fighter)          Turns: 10837, Time: 00:35:14

Health: -52/68     AC: 27    Str: 24 (25) XL:     11   Next: 56%
Magic:  11/11      EV:  7    Int: 10      God:    Okawaru [*****.]
Gold:   781        SH: 12    Dex:  9      Spells: 10/10 levels left

rFire    . . .     SeeInvis +   K - +1 mace (drain)
rCold    . . .     Gourm    .   c - +0 shield
rNeg     + . .     Faith    .   i - +0 plate armour
rPois    ∞         Spirit   .   (no helmet)
rElec    +         Reflect  .   k - +2 cloak
rCorr    .         Harm     +   x - +1 pair of gloves
MR       .....                  (no boots)
Stlth    ..........             l - amulet of harm
HPRegen  0.21/turn              w - +3 ring of strength
MPRegen  0.12/turn              v - ring of see invisible

@: no status effects
A: negative energy resistance 1, electricity resistance, unbreathing,
petrification resistance, rot immunity, AC +8
a: Heroism, Finesse, Renounce Religion


You were on level 10 of the Dungeon.
You worshipped Okawaru.
Okawaru was extremely pleased with you.
You were hungry.

You visited 1 branch of the dungeon, and saw 10 of its levels.

You collected 781 gold pieces.

Inventory:

Hand Weapons
 o - a +1 mace of venom
 F - a +0 morningstar
 K - a +1 mace of draining (weapon)
Armour
 c - a +0 shield (worn)
 i - a +0 plate armour (worn)
 k - a +2 cloak (worn)
 x - a +1 pair of gloves (worn)
Jewellery
 l - an amulet of harm (around neck)
 r - an uncursed ring of protection from magic
 s - a +2 amulet of reflection
 t - an uncursed amulet of magic regeneration
 v - a ring of see invisible (right hand)
 w - a +3 ring of strength (left hand)
 E - an uncursed ring of protection from fire
Wands
 e - a wand of iceblast (9)
 m - a wand of clouds (5)
 C - a wand of disintegration (4)
 H - a wand of scattershot (6)
Scrolls
 a - 3 scrolls of remove curse
 h - 3 scrolls of teleportation
 p - a scroll of immolation
 y - 7 scrolls of fog
 B - a scroll of blinking
 G - 3 scrolls of amnesia
Potions
 b - a potion of agility
 d - 3 potions of might
 g - 6 potions of curing
 j - a potion of invisibility
 n - 2 potions of brilliance
 q - a potion of flight
 z - 5 potions of haste
 A - a potion of heal wounds {unknown}
Comestibles
 f - 17 rations


   Skills:
 + Level 7.7 Fighting
 + Level 11.2 Maces & Flails
 + Level 8.2 Armour
 + Level 1.9 Dodging
 + Level 1.1 Stealth
 + Level 11.3 Shields
 + Level 0.2 Unarmed Combat
 + Level 0.4 Invocations


You had 10 spell levels left.
You didn't know any spells.
Your spell library was empty.

Dungeon Overview and Level Annotations

Branches:
Dungeon (10/15)            Temple (0/1) D:5             Orc (0/2) D:10
   Lair: D:8-11

Altars:
Dithmenos
Fedhas
Gozag
Makhleb
Okawaru
Ru
Trog
Uskayaw
Xom
Zin

Shops:
D:9 (

Annotations:
D:7 1 runed translucent door, exclusion: ice statue, grocchini's ghost, novice MiFi
D:10 1 transporter


Innate Abilities, Weirdness & Mutations

You are resistant to torment.
Your stone body is resilient. (AC +8)
You are immune to poison.
You resist negative energy. (rN+)
You are resistant to electric shocks. (rElec)
You can survive without breathing.
You are immune to petrification.
You are immune to rotting.


Message History

You sock the large slime creature! You drain the large slime creature.
The large slime creature is moderately wounded.
You block the slime creature's attack.
Two slime creatures merge to form a very large slime creature.
You fail to use your ability.
Two slime creatures merge to form a very large slime creature.
You sock the very large slime creature!
The very large slime creature is moderately wounded.
The very large slime creature hits you!
You completely miss the very large slime creature.
The very large slime creature is moderately wounded.
The very large slime creature hits you!!!
Ouch! That really hurt!
* * * LOW HITPOINT WARNING * * *
You block the very large slime creature's attack.
Your shield and plate armour prevent you from hitting the very large slime creature.
The very large slime creature is moderately wounded.
The very large slime creature hits you!!!
Ouch! That really hurt!
You die...

##### ### #...#
##.####...##
##..[..##...####
#....."#.....##.
###......#........
#..©.............#
#######...........
##@###J##..........
##JJ#©#..##....<....
#=.$.....)#.........
###.....###.........
#...(..)##.........
###.....###.........
#.........#.........
*#..#.#).##.........
##.###©###......#..


You could see 2 very large slime creatures.

Vanquished Creatures
  Fannar (D:9)
  Harold (D:9)
  Erolcha (D:10)
  A two-headed ogre (D:10)
  Grinder (D:3)
  A hippogriff (D:9)
  Sigmund (D:4)
  Grum (D:9)
  11 yaks
  4 hungry ghosts
  Duvessa (D:4)
  4 sky beasts
  3 ice beasts
  A necrophage (D:8)
  5 ogres
  A wolf (D:9)
  A big kobold (D:10)
  Dowan (D:4)
  7 bullfrogs
  3 scorpions
  14 killer bees
  A howler monkey (D:10)
  4 crimson imps
  4 hounds
  Crazy Yiuf (D:3)
  A gnoll shaman (D:5)
  7 orc wizards
  3 bullfrog skeletons
  8 orc priests
  3 jellies
  A centaur skeleton (D:4)
  Jessica (D:2)
  An iguana (D:8)
  6 worker ants
  A killer bee zombie (D:5)
  6 ogre zombies (D:10)
  2 hound skeletons (D:4)
  A worker ant zombie (D:8)
  11 adders
  6 gnolls
  4 shadow imps
  An ooze (D:1)
  An adder skeleton (D:5)
  An adder zombie (D:5)
  A worm (D:2)
  7 dart slugs
  4 leopard geckos
  33 orcs
  5 giant cockroaches
  7 goblins
  7 hobgoblins
  10 jackals
  15 kobolds
  4 quokkas
  11 bats
  5 frilled lizards
  4 goblin zombies (D:10)
  2 hobgoblin zombies (D:10)
  A jackal skeleton (D:6)
  2 orc skeletons (D:10)
  11 orc zombies (D:10)
  A quokka skeleton (D:9)
  11 rats
  A fungus (D:3)
281 creatures vanquished.

Vanquished Creatures (collateral kills)
  An orc warrior (D:8)
  2 wolves (D:8)
  An orc wizard (D:8)
4 creatures vanquished.

Vanquished Creatures (others)
  An orc wizard (D:6)
1 creature vanquished.

Grand Total: 286 creatures vanquished

Notes
Turn   | Place    | Note
-------+----------+-------------------------------------------
     0 | D:1      | MartialLaw the Gargoyle Fighter began the quest for the
                  | Orb.
     0 | D:1      | Reached XP level 1. HP: 14/14 MP: 1/1
    34 | D:1      | Reached XP level 2. HP: 7/19 MP: 2/2
   618 | D:1      | Reached XP level 3. HP: 23/23 MP: 3/3
  1331 | D:2      | Reached XP level 4. HP: 27/29 MP: 4/4
  1468 | D:2      | Noticed Jessica
  1472 | D:2      | Killed Jessica
  1482 | D:2      | Found a hide-covered altar of Uskayaw.
  1487 | D:2      | Found an iron altar of Okawaru.
  1487 | D:2      | Found a sacrificial altar of Ru.
  1770 | D:3      | Reached XP level 5. HP: 16/33 MP: 5/5
  1974 | D:3      | Noticed Grinder
  1992 | D:3      | Paralysed by Grinder for 7 turns
  1999 | D:3      | Killed Grinder
  1999 | D:3      | Reached skill level 5 in Shields
  1999 | D:3      | Reached XP level 6. HP: 16/38 MP: 6/6
  2320 | D:2      | Became a worshipper of Warmaster Okawaru
  2463 | D:3      | Found a blossoming altar of Fedhas.
  2497 | D:3      | Found a runed translucent door.
  2498 | D:3      | Noticed Crazy Yiuf
  2506 | D:3      | Killed Crazy Yiuf
  2709 | D:4      | Reached XP level 7. HP: 44/44 MP: 7/7
  3027 | D:4      | Noticed Duvessa
  3028 | D:4      | Noticed Dowan
  3042 | D:4      | Killed Duvessa
  3042 | D:4      | Reached * piety under Okawaru
  3042 | D:4      | Reached skill level 5 in Maces & Flails
  3345 | D:4      | HP: 1/44 [Dowan/stone arrow (17)]
  3670 | D:4      | Killed Dowan
  3735 | D:4      | Reached skill level 1 in Dodging
  4091 | D:4      | Reached skill level 5 in Armour
  4106 | D:4      | Found a glowing silver altar of Zin.
  4136 | D:4      | Noticed Sigmund
  4166 | D:4      | Killed Sigmund
  4166 | D:4      | Reached XP level 8. HP: 26/48 MP: 8/8
  4439 | D:5      | Entered Level 5 of the Dungeon
  4706 | D:5      | Reached skill level 5 in Fighting
  4739 | D:5      | Found a staircase to the Ecumenical Temple.
  4749 | D:5      | Found an opulent altar of Gozag.
  4897 | D:5      | Reached ** piety under Okawaru
  4901 | D:5      | Found a bloodstained altar of Trog.
  5410 | D:6      | Reached XP level 9. HP: 27/54 MP: 6/9
  6234 | D:7      | Found a runed translucent door.
  6235 | D:7      | Found a shimmering altar of Xom.
  6235 | D:7      | Noticed grocchini's ghost (novice MiFi)
  6236 | D:7      | Noticed a +2 mace of chaos
  6344 | D:7      | Reached *** piety under Okawaru
  6417 | D:7      | Noticed an ice statue
  6571 | D:7      | Found a shadowy altar of Dithmenos.
  6571 | D:7      | Found a burning altar of Makhleb.
  7297 | D:8      | Paralysed by fainting for 5 turns
  7619 | D:9      | Reached XP level 10. HP: 60/60 MP: 10/10
  7705 | D:9      | Found Muox's Antique Weapon Emporium.
  7744 | D:9      | Noticed Harold
  7761 | D:9      | Killed Harold
  7761 | D:9      | Reached **** piety under Okawaru
  8072 | D:9      | Noticed Grum
  8338 | D:9      | Killed Grum
  8793 | D:9      | Reached skill level 10 in Maces & Flails
  9160 | D:10     | Entered Level 10 of the Dungeon
  9163 | D:10     | Noticed a two-headed ogre
  9164 | D:10     | Found a transporter.
  9183 | D:10     | Killed a two-headed ogre
  9183 | D:10     | Received a gift from Okawaru
  9183 | D:10     | Reached skill level 10 in Shields
  9267 | D:10     | Noticed Fannar
  9307 | D:9      | Killed Fannar
  9307 | D:9      | Reached skill level 1 in Stealth
  9307 | D:9      | Reached XP level 11. HP: 67/67 MP: 9/11
  9310 | D:9      | Reached ***** piety under Okawaru
  9439 | D:10     | HP: 2/67 [orc priest/divine providence (15)]
  9800 | D:10     | Found a staircase to the Orcish Mines.
 10220 | D:10     | Received a gift from Okawaru
 10563 | D:10     | Noticed Erolcha
 10574 | D:10     | Killed Erolcha
 10794 | D:10     | Found a transporter.
 10836 | D:10     | HP: 2/68 [very large slime creature (48)]
 10837 | D:10     | Annihilated by a very large slime creature

Skill      XL: |  1  2  3  4  5  6  7  8  9 10 11 |
---------------+----------------------------------+-----
Maces & Flails | 3 4 5 6 8 10 11 | 11.2
Armour         | 4 5 6 7 8 |  8.2
Shields        | 4 5 6 7 9 10 11 | 11.3
Fighting       | 4 5 6 7 |  7.7
Dodging        | 1 |  1.9
Stealth        | 1 |  1.1
Unarmed Combat | |  0.2
Invocations    | |  0.4

Action                   |  1- 3 |  4- 6 |  7- 9 | 10-12 || total
-------------------------+-------+-------+-------+-------++-------
Melee: Flail             |   133 |   226 |       |       ||   359
       Mace              |       |    12 |   758 |    73 ||   843
       Unarmed           |       |       |     7 |       ||     7
       Morningstar       |       |       |   104 |   409 ||   513
Invok: Heroism           |       |       |     1 |     1 ||     2
       Finesse           |       |       |       |     1 ||     1
  Use: Scroll            |     2 |     4 |    10 |     7 ||    23
       Potion            |       |       |       |     8 ||     8
  Eat: Chunk             |     2 |     3 |    21 |    19 ||    45
       Ration            |       |       |     2 |     1 ||     3
Armor: Scale mail        |    71 |       |       |       ||    71
       Plate armour      |    44 |   259 |   468 |   359 ||  1130
Dodge: Dodged            |    42 |    73 |   115 |   125 ||   355
Block: Shield            |    97 |   182 |   453 |   362 ||  1094
